 Dungeon Crawl Stone Soup version 0.29.0-15-g675c0067aa (webtiles) character file.

Game seed: 4455601552678945143

1 qw the Sneak (level 1, 0/14 HPs)
             Began as a Gargoyle Delver on Sept 11, 2022.
             Slain by an iguana (4 damage)
             ... on level 4 of the Dungeon.
             The game lasted 00:00:02 (63 turns).

qw the Sneak (Gargoyle Delver)                        Turns: 63, Time: 00:00:03

Health: 0/14       AC:  5    Str: 15    XL:     1   Next: 20%
Magic:  1/1        EV: 11    Int: 10    God:
Gold:   10         SH:  0    Dex: 11    Spells: 0/0 levels left

rFire   . . .      SeeInvis .   a - +0 hand axe
rCold   . . .      Faith    .   (no shield)
rNeg    + . .      Spirit   .   b - +0 leather armour
rPois   inf        Reflect  .   (no helmet)
rElec   +          Harm     .   (no cloak)
rCorr   .          Rampage  .   (no gloves)
Will    .....                   (no boots)
Stlth   +++.......              (no amulet)
HPRegen 0.04/turn               (no ring)
MPRegen 0.07/turn               (no ring)

@: no status effects
A: sickness immunity, AC +2, negative energy resistance 1, electricity
resistance, torment resistance 1, petrification resistance
a: no special abilities


You were on level 4 of the Dungeon.
You visited 1 branch of the dungeon, and saw 2 of its levels.

You collected 10 gold pieces.


Innate Abilities, Weirdness & Mutations

You are immune to sickness and miasma.
Your stone body is resilient. (AC +2)
You are immune to poison.
You resist negative energy. (rN+)
You are resistant to electric shocks. (rElec)
You are resistant to unholy torment.
You are immune to petrification.


   Skills:
 - Level 3.2 Fighting
 + Level 1.9 Axes
 - Level 1.5 Dodging
 - Level 5.4 Stealth


You couldn't memorise any spells.
You didn't know any spells.
Your spell library was empty.

Inventory:

Hand Weapons
 a - a +0 hand axe (weapon)
Armour
 b - a +0 leather armour (worn)
 c - a +0 ring mail
Wands
 g - a wand of digging (3)
Potions
 d - a potion of might {unknown}
 f - a potion of haste

Dungeon Overview and Level Annotations

Branches:
Dungeon (5/15)
 Temple: D:4-7

Altars:


Message History

You climb upwards.
There is a stone staircase leading down here.
Existing waypoints: (2) D:5 Assign waypoint to what number? (0-9, D - delete waypoint) Waypoint 1 assigned to D:4.
Enter note: You open the door.
There is an open door here.
You open the door.
A ball python comes into view.
Enter note: The ball python hisses angrily.
The ball python misses you. The ball python barely misses you.
You hit the ball python.
The ball python is severely wounded.
The ball python bites you but does no damage.
The ball python barely misses you.
You closely miss the ball python.
The ball python is severely wounded.
The ball python closely misses you. The ball python misses you.
You hit the ball python.
You kill the ball python!
There is an open door here.
Found a falchion.
You now have 10 gold pieces.
c - a +0 ring mail
d - a puce potion
Enter note: An iguana comes into view.
The iguana hisses angrily.
You hit the iguana but do no damage. The iguana closely misses you.
You barely miss the iguana. The iguana bites you!
Ouch! That really hurt!
The iguana misses you.
You closely miss the iguana. The iguana bites you.
You die...

##.....##..##..
#......##..##.. .
+......#...##.. #.
#.....##..##..
#..########.....##...#..
+....................#..
#....................#..
#####...###.##..##).##..
#.l@# #.##..##..####
............+.......#
............#.......#
.##.....##..##.###..#
#.....# +#### ####
.......# ........#
........#


You could see an iguana.

Vanquished Creatures
  A ball python (D:4)
1 creature vanquished.

Notes
Turn   | Place    | Note
-------+----------+-------------------------------------------
     0 | D:5      | qw the Gargoyle Delver began the quest for the Orb.
     0 | D:5      | Reached XP level 1. HP: 14/14 MP: 1/1
     0 | D:5      | 0 ||| qw: Version: 0.1-a-118-gb4e7ce6
     0 | D:5      | 0 ||| qw: Game counter: 10221
     0 | D:5      | 0 ||| qw: Always use a shield: true
     0 | D:5      | 0 ||| qw: God list: Okawaru
     0 | D:5      | 0 ||| qw: Allow faded altars: false
     0 | D:5      | 0 ||| qw: Do Orc after D:15 true
     0 | D:5      | 0 ||| qw: Do second Lair branch before Depths: true
     0 | D:5      | 0 ||| qw: Lair rune preference: random
     0 | D:5      | 0 ||| qw: Plans: Normal
     0 | D:5      | 0 ||| PLANNING D:1-11
     0 | D:5      | 0 ||| DROPPING scroll of fog.
     1 | D:5      | 1 ||| DROPPING scroll of magic mapping.
     2 | D:5      | 2 ||| DROPPING scroll of fear.
    49 | D:4      | Noticed an iguana
    63 | D:4      | Slain by an iguana

Levels and vault maps discovered:
D:4:      layout_gridville, minmay_temple_entry_gardened_gates,
          kennysheep_windowed_goal, uniq_blork_the_orc, uniq_eustachio,
          uniq_pikel
D:5:      layout_loops_corners, gup_sewer_entry_bubbles, uniq_edmund

Action                   || total
-------------------------++-------
Melee: Hand axe          ||     6
Armor: Leather armour    ||     1
Dodge: Dodged            ||     7

Table legend:
 A = Non-vault XP
 B = Vault XP
 C = Vault XP percentage of total XP
 D = Non-vault monster count
 E = Vault monster count
 F = Vault count percentage of total count
                 A         B        C        D         E       F
            +---------+---------+-------+---------+---------+-------
      Total |       2 |       0 |   0.0 |       1 |       0 |   0.0
            +---------+---------+-------+---------+---------+-------
        D:4 |       2 |       0 |   0.0 |       1 |       0 |   0.0
            +---------+---------+-------+---------+---------+-------
